 Dungeon Sprint DCSS version 0.21-a0-64-g1c0f2e3 (webtiles) character file.

702 DrakieV the Grappler (level 7, -3/78 HPs)
             Began as a Troll Monk on June 17, 2017.
             Was an Elder of Cheibriados.
             Slain by a cyclops (29 damage)
             ... in the Dungeon (Sprint IX: "|||||||||||||||||||||||||||||").
             The game lasted 00:01:11 (248 turns).

DrakieV the Grappler (Troll Monk)                    Turns: 248, Time: 00:01:12

Health: -3/78      AC:  6    Str: 31    XL:     7   Next: 39%
Magic:  1/6        EV: 16    Int: 19    God:    Cheibriados [****..]
Gold:   0          SH:  0    Dex: 26    Spells: 6/6 levels left

rFire    . . .     SeeInvis .     - Unarmed
rCold    . . .     Gourm    +   (no shield)
rNeg     . . .     Faith    .   a - +0 robe
rPois    .         Spirit   .   (helmet restricted)
rElec    .         Reflect  .   m - +0 cloak
rCorr    .         Harm     .   (gloves unavailable)
MR       .....     NoTele   +   (boots unavailable)
Stlth    ++........             (no amulet)
HPRegen  0.63/turn              o - +3 ring of dexterity
MPRegen  0.10/turn              n - +3 ring of intelligence

@: very slow
A: unfitting armour, claws 3, fast metabolism 3, gourmand, regeneration 1,
shaggy fur 1, tough skin 2
a: Bend Time, Temporal Distortion, Slouch, Renounce Religion


You were in the Dungeon.
You worshipped Cheibriados.
Cheibriados was greatly pleased with you.
You were not hungry.

You visited 1 branch


Innate Abilities, Weirdness & Mutations

You are too large for most types of armour.
You have claws for hands.
Your metabolism is lightning-fast.
You like to eat raw meat.
Your natural rate of healing is unusually fast.
You are covered in fur. (AC +1)
You have very tough skin. (AC +2)


   Skills:
 + Level 7.2 Fighting
 + Level 7.2 Dodging
 - Level 1.0 Stealth
 * Level 11.7 Unarmed Combat


You had 6 spell levels left.
You didn't know any spells.

Dungeon Overview and Level Annotations

Branches:
Dungeon (1/1)

Altars:
Cheibriados
Dithmenos
Elyvilon
Fedhas
Gozag
Hepliaklqana
Kikubaaqudgha
Makhleb
Nemelex Xobeh
Okawaru
Qazlal
Ru
Sif Muna
Trog
Uskayaw
Vehumet
Wu Jian
Xom
Yredelemnul
Zin
The Shining One
Beogh
Jiyva
Lugonu

Inventory:

Armour
 a - a +0 robe (worn)
 m - a +0 cloak (worn)
   (You found it in the Dungeon)
Jewellery
 n - a +3 ring of intelligence (right claw)
   (You found it in the Dungeon)
 o - a +3 ring of dexterity (left claw)
   (You found it in the Dungeon)
Wands
 l - a wand of lightning (7/15)
   (You found it in the Dungeon)
Scrolls
 h - 2 scrolls of blinking
 j - 3 scrolls of remove curse {@r2}
 k - 2 scrolls of amnesia
Potions
 c - 5 potions of curing {@q1}
 d - a potion of heal wounds {@q2}
 e - a potion of haste {@q3}
 f - 4 potions of magic
 g - a potion of berserk rage
 i - a potion of invisibility
Comestibles
 b - 2 bread rations {@e1}
 p - 4 chunks of flesh ▓▓▓▓▓▓▓▓▓▓▓▓▓▓▓▓▓▓▓▓▓ +.cC@s§(...(.)'..[[.) ▓▓▓▓▓▓▓▓▓▓▓▓▓▓▓▓▓▓▓▓▓ You could see a cyclops, a jumping spider and a centaur.


Message History

The jumping spider bites you but does no damage.
The web tears apart.
The centaur misses you.
The jumping spider leaps!
You mangle the centaur!!
The centaur is almost dead.
The centaur hits you.
* * * LOW HITPOINT WARNING * * *
The centaur misses you.
You scratch the centaur but do no damage.
The centaur is almost dead.
The centaur hits you.
* * * LOW HITPOINT WARNING * * *
You claw the centaur!
You kill the centaur!
Cheibriados appreciates the change of pace.
You can now inflict damage on those overly hasty.
Cheibriados raises the support of your attributes as your movement slows.
Your Fighting skill increases to level 7!
Your Dodging skill increases to level 7!
The centaur wields a shortbow.
The centaur shoots an arrow.
The arrow closely misses you.
The arrow hits the jumping spider.
The jumping spider leaps!
You feel much better.
The centaur shoots an arrow.
The arrow completely misses you.
The arrow hits the jumping spider!
The jumping spider barely misses you. The jumping spider closely misses you.
The centaur unwields an uncursed shortbow.
The centaur barely misses you.
The jumping spider leaps!
The centaur barely misses you.
The jumping spider leaps!
The centaur barely misses you.
Things that are here:
an uncursed shortbow; 20 arrows You mangle the centaur!!
You kill the centaur!
Cheibriados thoroughly appreciates the change of pace.
Cheibriados raises the support of your attributes as your movement slows.
The jumping spider leaps!
The cyclops barely misses you. The jumping spider pounces on you!!
* * * LOW HITPOINT WARNING * * *
The jumping spider misses you. The cyclops hits you!
* * * LOW HITPOINT WARNING * * *
The jumping spider leaps!
Things that are here:
an uncursed shortbow; 17 arrows; a centaur corpse You scratch the cyclops.
The cyclops is lightly wounded.
You scratch the cyclops but do no damage.
The cyclops is lightly wounded.
The cyclops hits you.
* * * LOW HITPOINT WARNING * * *
You feel much better.
The jumping spider leaps!
The cyclops hits you!!
You die...

Vault maps used:
D:        linesprint

Vanquished Creatures
  An orc warrior (D)
  An eye of draining (D)
  3 ice beasts (D)
  2 centaurs (D)
  A killer bee (D)
  A worker ant (D)
  An adder zombie (D)
  A worm (D)
  An orc (D)
  A jackal (D)
  2 kobolds (D)
  A giant cockroach zombie (D)
  3 rats (D)
19 creatures vanquished.

Table legend:
 A = Turns spent in this place as a percentage of turns spent in the entire game.
 B = Non-inter-level travel turns spent in this place as a percentage of non-inter-level travel turns spent in the entire game.
 C = Inter-level travel turns spent in this place as a percentage of turns spent in this place.
 D = Turns resting spent in this place as a percentage of non-inter-level travel turns spent in this place.
 E = Turns spent auto-exploring this place as a percentage of non-inter-level travel turns spent in this place.
 F = Non-inter-level travel turns spent in this place divided by the number of levels of this place that you've seen.
                   A       B       C       D       E      F
               +-------+-------+-------+-------+-------+----------------------
         Total | 100.0 | 100.0 |   0.0 |   1.2 |   0.6 | 161.0
       Dungeon | 100.0 | 100.0 |   0.0 |   1.2 |   0.6 | 161.0
               +-------+-------+-------+-------+-------+----------------------

Table legend:
 A = Kills in this place as a percentage of kills in entire the game.
 B = Kills by you in this place as a percentage of kills by you in the entire game.
 C = Kills by friends in this place as a percentage of kills by friends in the entire game.
 D = Other kills in this place as a percentage of other kills in the entire game.
 E = Experience gained in this place as a percentage of experience gained in the entire game.
 F = Experience gained in this place divided by the number of levels of this place that you have seen.
                   A       B       C       D       E      F
               +-------+-------+-------+-------+-------+----------------------
         Total | 100.0 | 100.0 |  -nan |  -nan | 100.0 | 1004.0
       Dungeon | 100.0 | 100.0 |  -nan |  -nan | 100.0 | 1004.0
               +-------+-------+-------+-------+-------+----------------------

Notes
Turn   | Place    | Note
-------+----------+-------------------------------------------
     0 | D        | DrakieV the Troll Monk began the quest for the Orb.
     0 | D        | Reached XP level 1. HP: 22/22 MP: 0/0
    24 | D        | Noticed an ice beast
    24 | D        | Noticed an ice beast
    26 | D        | Reached skill level 3 in Dodging
    26 | D        | Reached skill level 4 in Unarmed Combat
    26 | D        | Reached XP level 2. HP: 29/29 MP: 1/1
    37 | D        | Killed an ice beast
    37 | D        | Reached skill level 4 in Fighting
    37 | D        | Reached skill level 4 in Dodging
    37 | D        | Reached skill level 6 in Unarmed Combat
    37 | D        | Reached XP level 3. HP: 15/40 MP: 2/2
    37 | D        | Reached XP level 4. HP: 18/49 MP: 3/3
    42 | D        | Reached skill level 7 in Unarmed Combat
    45 | D        | HP: 10/49 [ice beast (12)]
    50 | D        | HP: 10/49 [ice beast (2)]
    50 | D        | HP: 4/49 [ice beast (6)]
    51 | D        | Killed an ice beast
    51 | D        | Reached skill level 5 in Fighting
    51 | D        | Reached skill level 5 in Dodging
    51 | D        | Reached skill level 8 in Unarmed Combat
    51 | D        | Reached XP level 5. HP: 5/57 MP: 4/4
   145 | D        | Found a roughly hewn altar of Beogh.
   145 | D        | Found a snail-covered altar of Cheibriados.
   145 | D        | Found a shadowy altar of Dithmenos.
   145 | D        | Found a white marble altar of Elyvilon.
   145 | D        | Found a blossoming altar of Fedhas.
   145 | D        | Found an opulent altar of Gozag.
   146 | D        | Found a hazy altar of Hepliaklqana.
   147 | D        | Found a viscous altar of Jiyva.
   148 | D        | Found an ancient bone altar of Kikubaaqudgha.
   149 | D        | Became a worshipper of Cheibriados the Contemplative
   149 | D        | Reached * piety under Cheibriados
   149 | D        | Reached ** piety under Cheibriados
   150 | D        | Found a corrupted altar of Lugonu.
   151 | D        | Found a burning altar of Makhleb.
   152 | D        | Found a sparkling altar of Nemelex Xobeh.
   153 | D        | Found an iron altar of Okawaru.
   154 | D        | Found a stormy altar of Qazlal.
   155 | D        | Found a sacrificial altar of Ru.
   156 | D        | Found a deep blue altar of Sif Muna.
   157 | D        | Found a bloodstained altar of Trog.
   158 | D        | Found a hide-covered altar of Uskayaw.
   159 | D        | Found a radiant altar of Vehumet.
   160 | D        | Found an ornate altar of the Wu Jian Council.
   161 | D        | Found a shimmering altar of Xom.
   162 | D        | Found a basalt altar of Yredelemnul.
   163 | D        | Found a glowing silver altar of Zin.
   164 | D        | Found a glowing golden altar of the Shining One.
   196 | D        | Noticed an orc warrior
   196 | D        | Noticed an ice beast
   202 | D        | Killed an ice beast
   202 | D        | Reached skill level 9 in Unarmed Combat
   202 | D        | Reached XP level 6. HP: 67/67 MP: 5/5
   211 | D        | Reached *** piety under Cheibriados
   211 | D        | Reached skill level 6 in Fighting
   211 | D        | Reached skill level 6 in Dodging
   211 | D        | Reached skill level 10 in Unarmed Combat
   217 | D        | Killed an orc warrior
   229 | D        | Noticed a jumping spider
   229 | D        | Noticed a cyclops
   235 | D        | Reached skill level 11 in Unarmed Combat
   235 | D        | Reached XP level 7. HP: 53/76 MP: 0/6
   240 | D        | HP: 18/76 [centaur (5)]
   241 | D        | Reached **** piety under Cheibriados
   241 | D        | Reached skill level 7 in Fighting
   241 | D        | Reached skill level 7 in Dodging
   245 | D        | HP: 7/78 [cyclops (17)]
   247 | D        | HP: 2/78 [cyclops (6)]
   248 | D        | Slain by a cyclops

Action                   |  1- 3 |  4- 6 |  7- 9 || total
-------------------------+-------+-------+-------++-------
Melee: Unarmed           |    24 |    38 |     7 ||    69
       Punch             |     1 |     3 |       ||     4
  Use: Potion            |       |       |     2 ||     2
  Eat: Chunk             |       |     1 |       ||     1
Armor: Robe              |     4 |     5 |     2 ||    11
Dodge: Dodged            |    10 |    19 |    14 ||    43
